 Dungeon Crawl Stone Soup version 0.31-a0-496-g6f97920a28 (webtiles) character file.

Game seed: 11598157554387733257

106 LeprechaunX the Ruffian (level 4, -2/29 HPs)
             Began as an Octopode Shapeshifter on Aug 8, 2023.
             Was a Follower of Cheibriados.
             Slain by a gnoll
             ... wielding a +0 club
              (5 damage)
             ... on level 3 of the Dungeon.
             The game lasted 00:01:51 (1800 turns).

LeprechaunX the Ruffian (Octopode Shapeshifter)     Turns: 1800, Time: 00:01:52

Health: -2/29      AC:  1    Str: 19    XL:     4   Next: 84%
Magic:  4/4        EV: 14    Int: 13    God:    Cheibriados [*.....]
Gold:   182        SH:  0    Dex: 15    Spells: 3/3 levels left

rFire   . .          .
                       - Unarmed
rCold   . . .        (no shield)
rNeg    . . .        (helmet currently unavailable)
rPois   .            (no amulet)
rElec   .            g - ring of flight
rCorr   .            (no ring)
SInv    .            (no ring)
Will    .....        (no ring)
Stlth   ++           (no ring)
HPRegen 0.24/turn    (no ring)
MPRegen 0.09/turn    (no ring)
                     (no ring)

%: no passive effects
@: beast-form, flying, very slow
A: beast (slay +2), almost no armour, amphibious, 8 rings, camouflage 1,
gelatinous body 1, (nimble swimmer 1), tentacles
a: Begin Untransformation, Renounce Religion, Bend Time


You were on level 3 of the Dungeon.
You worshipped Cheibriados.
Cheibriados was aware of your devotion.
You were a hulking beast.
You visited 1 branch of the dungeon, and saw 3 of its levels.

You collected 182 gold pieces.

Inventory:

Missiles
 f - 2 javelins
 o - 2 silver javelins
Jewellery
 g - a ring of flight (left tentacle)
Talismans
 b - a beast talisman (active)
 c - a flux talisman
Scrolls
 d - 2 scrolls of enchant armour {unknown}
 i - 5 scrolls of identify {unknown}
 j - 3 scrolls of teleportation {unknown}
 l - a scroll of blinking {unknown}
 n - a scroll of revelation {unknown}
Potions
 a - a potion of lignification
 e - a potion of cancellation {unknown}
 h - a potion of curing {unknown}
 k - a potion of invisibility {unknown}
 m - a potion of attraction {unknown}


   Skills:
 + Level 2.0 Fighting
 + Level 2.7 Dodging
 * Level 4.1 Unarmed Combat
 + Level 0.3 Invocations
 + Level 3.3 Shapeshifting


You had 3 spell levels left.
You didn't know any spells.
Your spell library was empty.

Dungeon Overview and Level Annotations

Branches:
Dungeon (3/15)

Altars:
Cheibriados

Annotations:
D:3 1 runed translucent door, Crazy Yiuf


Innate Abilities, Weirdness & Mutations

You are a hulking beast.
Your limbs bulge with bestial killing power. (Slay +2)
You cannot wear most types of armour.
You are amphibious.
You can wear up to eight rings at the same time.
Your skin changes colour to match your surroundings (Stealth+).
Your rubbery body absorbs attacks. (AC +1, EV +1)
((You are camouflaged when in or above water. (Stealth+)))
You have tentacles for arms and can constrict up to eight enemies at once.


Message History

No target in view!
No target in view!
No target in view!
No target in view!
You feel sick.
You feel sick.
You feel sick.
You feel sick.
You feel sick.
You feel sick.
You are no longer poisoned.
You now have 182 gold pieces (gained 5).
You see here an adder corpse.
A gnoll comes into view. It is wielding a +0 halberd.
The gnoll shouts!
A gnoll comes into view. It is wielding a +0 club. x2
The gnoll moves out of view.
There are monsters nearby!
There are monsters nearby!
There are monsters nearby!
A gnoll comes into view. It is wielding a +0 halberd.
The gnoll shouts!
The gnoll hits you from afar with a +0 halberd! x2
Ouch! That really hurt!
* * * LOW HITPOINT WARNING * * *
The gnoll misses you.
You completely miss the gnoll. You grab the gnoll. You constrict the gnoll.
The gnoll hits you with a +0 club.
* * * LOW HITPOINT WARNING * * *
The gnoll barely misses you.
You tentacle-slap the gnoll.
The gnoll is moderately wounded.
You constrict the gnoll. The gnoll hits you with a +0 club.
* * * LOW HITPOINT WARNING * * *
The gnoll misses you.
You release your grip on the gnoll.
You tentacle-slap the gnoll. Your grab misses the gnoll.
The gnoll is almost dead.
The gnoll hits you with a +0 club.
You die...

.#..............
.##.####.######### ##
....................#
.....###.##########.# .#
.#†........# #.##.#
.#..##.#.#.# #.##.# #
##.......#.##### #.##.#.#
#.[...........####.##.#.#
#..............hgg......#
#.............####g##.###
......########.........#
#.#.### #.###..#..# . #.#
#..#..####### #.#
#..#......... #.#
##.##g######.
#.#......g...#
#.#.######.#.#


You could see 3 gnolls.

Vanquished Creatures
  Terence (D:2)
  A gnoll (D:1)
  4 adders
  2 ball pythons
  An endoplasm (D:2)
  3 giant cockroaches
  3 goblins
  4 hobgoblins
  3 jackals (D:1)
  3 kobolds (D:2)
  A quokka (D:2)
  4 bats
  3 frilled lizards
  2 rats
35 creatures vanquished.

Notes
Turn   | Place    | Note
-------+----------+-------------------------------------------
     0 | D:1      | LeprechaunX the Octopode Shapeshifter began the quest for
                  | the Orb.
     0 | D:1      | Reached XP level 1. HP: 13/13 MP: 1/1
    72 | D:1      | Reached XP level 2. HP: 18/18 MP: 2/2
   560 | D:2      | Reached XP level 3. HP: 13/23 MP: 3/3
   725 | D:2      | Noticed Terence
   732 | D:2      | HP: 1/23 [Terence/+0 flail (5)]
   735 | D:2      | Killed Terence
   736 | D:2      | Reached XP level 4. HP: 2/29 MP: 4/4
   905 | D:2      | Found a faded altar of an unknown god.
  1139 | D:2      | Prayed at the altar of an unknown god.
  1139 | D:2      | Became a worshipper of Cheibriados the Contemplative
  1139 | D:2      | Reached * piety under Cheibriados
  1289 | D:2      | Reached skill level 4 in Unarmed Combat
  1699 | D:3      | Found a runed translucent door.
  1700 | D:3      | Noticed Crazy Yiuf
  1800 | D:3      | Slain by a gnoll

Illustrated notes

Levels and vault maps discovered:
D:1:      dpeg_arrival_tiny_k, layout_basic, hex_large
D:2:      layout_basic, basic_ecumenical_altar, uniq_terence
D:3:      layout_basic, marbit_many_paths, mainiacjoe_overflow_alcove_1,
          dk_noncrumbling_4, uniq_crazy_yiuf_cottage

Skill      XL: |  1  2  3  4 |
---------------+-------------+-----
Unarmed Combat | 4 |  4.1
Fighting       | 2 |  2.0
Dodging        | |  2.7
Invocations    | |  0.3
Shapeshifting  | |  3.3

Action                     |  1- 3 |  4- 6 || total
---------------------------+-------+-------++-------
  Melee: Unarmed           |    35 |    32 ||    67
         Tentacles         |     9 |     4 ||    13
         Constrict         |    10 |     9 ||    19
         Punch             |     1 |       ||     1
   Stab: Sleeping          |     3 |     3 ||     6
 Armour: Skin              |     2 |     4 ||     6
  Dodge: Dodged            |    19 |    16 ||    35

Table legend: (Time is in decaauts)
 A = Elapsed time spent in this place.
 B = Non-inter-level travel time spent in this place.
 C = Inter-level travel time spent in this place.
 D = Time resting spent in this place.
 E = Time spent auto-exploring this place.
 F = Levels seen in this place.
 G = Mean time per level.
                   A        B        C        D        E       F      G
               +--------+--------+--------+--------+--------+-----+--------+
         Total |   2000 |   1929 |     71 |    148 |   1531 |   3 |  666.7 |
       Dungeon |   2000 |   1929 |     71 |    148 |   1531 |   3 |  666.7 |
               +--------+--------+--------+--------+--------+-----+--------+

Top non-repeatable levels by time:
     D:2: 797 daAuts
     D:3: 648 daAuts
     D:1: 554 daAuts
